 Dungeon Crawl Stone Soup version 0.26-a0-259-g1effd001a9 (webtiles) character file.

Game seed: 10463088185746530656

242901 sanka the Acrobat (level 21, -2/173 HPs)
             Began as a Halfling Hunter on July 16, 2020.
             Was the Champion of Trog.
             Slain by a vampire knight
             ... wielding a +0 long sword
              (16 damage)
             ... while paralysed by a vampire knight
             ... on level 4 of the Depths on July 17, 2020.
             The game lasted 01:55:57 (37017 turns).

sanka the Acrobat (Halfling Hunter)                Turns: 37017, Time: 01:55:58

Health: -2/173     AC: 22    Str: 24    XL:     21   Next: 7%
Magic:  21/21      EV:  3    Int: 19    God:    Trog [******]
Gold:   1585       SH:  0    Dex: 32    Spells: 20/20 levels left

rFire    + . .     SeeInvis +   a - +7 pair of quick blades "Gyre" and "Gimble" {protect}
rCold    . . .     Faith    +   (shield currently unavailable)
rNeg     . . .     Spirit   .   V - +7 faerie dragon scales {rCorr HP+9 Str+5}
rPois    +         Reflect  .   t - +2 helmet
rElec    .         Harm     .   U - +0 cloak of Ussamang {Slay+3 SInv Stlth-}
rCorr    +                      z - +3 pair of gloves of Weirdness {Int+4 Dex+4 SInv}
MR       +....                  T - +0 pair of boots {Stlth+}
Stlth    +++.......             S - amulet of Tiakh {Faith rF+ Int+6}
HPRegen  0.38/turn              W - ring "Epsinny" {+Inv rPois Str+3 Dex+6 SInv}
MPRegen  0.17/turn              A - +4 ring of evasion

@: paralysed, corroded, studying Staves
A: small, mutation resistance 1
a: Berserk, Trog's Hand, Brothers in Arms, Renounce Religion, Evoke Invisibility


You were on level 4 of the Depths.
You worshipped Trog.
Trog was exalted by your worship.
You were not hungry.

You visited 4 branches of the dungeon, and saw 27 of its levels.
You also visited: Gauntlet.

You collected 3303 gold pieces.
You spent 1718 gold pieces at shops.


Innate Abilities, Weirdness & Mutations

You are small and have problems with some larger weapons.
You are somewhat resistant to further mutation.


   Skills:
 + Level 20.1 Fighting
 - Level 8.0 Short Blades
 - Level 14.0 Slings
 - Level 10.0 Armour
 + Level 21.6 Dodging
 - Level 2.0 Stealth
 - Level 10.0 Evocations


You had 20 spell levels left.
You didn't know any spells.
Your spell library contained the following spells:

 Spells                   Type           Power        Failure   Level
 Gell's Gravitas          Tloc           #.........   58%         3
 Portal Projectile        Hex/Tloc       #.....       58%         3
 Dispersal                Tloc           #.........   100%        6
 Controlled Blink         Tloc           N/A          100%        8
 Disjunction              Tloc           #.........   100%        8

Inventory:

Hand Weapons
 a - the +7 pair of quick blades "Gyre" and "Gimble" (weapon) {protect}

   It grants its wielder temporary protection when it strikes (+7 to AC).
 b - the +3 fustibalus "Edulyxkaliph" {speed, rN+} Attacks with this weapon are significantly faster. It protects you from negative energy.
 I - a +5 double sword of electrocution
Missiles
 d - 202 sling bullets
 g - 625 stones
 r - 2 throwing nets {=f}
 K - 3 curare-tipped darts (quivered) {=f}
Armour
 t - a +2 helmet (worn)
 z - the +3 pair of gloves of Weirdness (worn) {Int+4 Dex+4 SInv}

   It affects your intelligence (+4).
   It affects your dexterity (+4).
   It lets you see invisible.
 T - a +0 pair of boots of stealth (worn)
 U - the +0 cloak of Ussamang (worn) {Slay+3 SInv Stlth-}

   It affects your accuracy and damage with ranged weapons and melee attacks
   (+3).
   It lets you see invisible.
   It makes you less stealthy.
 V - the +7 faerie dragon scales (worn) {rCorr HP+9 Str+5}

   It affects your strength (+5).
   It affects your health (+9).
   It provides partial protection from all sources of acid and corrosion.
Jewellery
 p - an uncursed ring of resist corrosion
 q - an uncursed ring of stealth
 A - a +4 ring of evasion (right hand)
 F - an uncursed ring of protection from magic
 S - the amulet of Tiakh (around neck) {Faith rF+ Int+6}

   [amulet of faith]

   It allows you to gain divine favour quickly.
   It affects your intelligence (+6).
   It protects you from fire.
 W - the ring "Epsinny" (left hand) {+Inv rPois Str+3 Dex+6 SInv}

   [ring of dexterity]

   It affects your strength (+3).
   It affects your dexterity (+6).
   It protects you from poison.
   It lets you see invisible.
   It lets you turn invisible.
Wands
 c - a wand of paralysis (10)
 H - a wand of digging (3)
 L - a wand of iceblast (14)
 M - a wand of acid (24)
 Q - a wand of enslavement (16)
 Z - a wand of disintegration (9)
Scrolls
 k - 12 scrolls of teleportation {@r4}
 l - 8 scrolls of fear
 m - 10 scrolls of blinking
 n - 2 scrolls of silence {!r}
 o - 5 scrolls of fog
 x - 11 scrolls of identify {@r1}
 y - 3 scrolls of magic mapping
 B - a scroll of enchant weapon
 E - 9 scrolls of remove curse
 R - a scroll of holy word
 X - a scroll of enchant armour
Potions
 e - a potion of stabbing
 i - 6 potions of haste {@q3}
 s - 10 potions of curing {@q1}
 u - a potion of cancellation
 v - 3 potions of ambrosia
 w - 3 potions of mutation {!q}
 C - 2 potions of invisibility
 D - 7 potions of heal wounds {@q2}
 J - 4 potions of might
 O - 2 potions of magic
 P - a potion of lignification {!q}
Books
 Y - a manual of Staves
Miscellaneous
 j - 2 boxes of beasts
 N - 2 phantom mirrors
Comestibles
 f - 105 rations

Dungeon Overview and Level Annotations

Branches:
Dungeon (15/15)            Temple (0/1) D:5            Lair (6/6) D:9
 Shoals (0/4) Lair:3       Spider (0/4) Lair:2        Slime (0/5) Lair:6
    Orc (2/2) D:11            Elf (0/3) Orc:2        Vaults (0/5) D:14
 Depths (4/5) D:15        Gauntlet (visited)

Altars:
Dithmenos
Fedhas
Gozag
Kikubaaqudgha
Nemelex Xobeh
Okawaru
Sif Muna
Trog
Vehumet
Wu Jian
Xom
Yredelemnul
Zin
The Shining One
Beogh
Jiyva

Shops:
D:7 [   D:14 %   Orc:1 }=   Orc:2 }[!!*

Portals:
Hell: Depths:1 Depths:2 Depths:3 Depths:4
Abyss: Depths:3 Depths:4
Pandemonium: Depths:2 Depths:3 Depths:4
Ziggurat: Depths:2
Trove: D:14 (show abyssal rune of Zot)

Annotations:
Depths:1 3 runed translucent doors, Zebulonius's ghost, adept MiBe
Depths:2 2 transporters, Samiqic's ghost, adept DDFi

▒..≈≈≈≈▒ ▒..≈≈≈≈▒
▒..≈≈≈≈▒ ▒...≈≈≈▒
▒...≈≈≈▒▒▒▒ ▒▒
▒....C≈≈≈≈▒▒ ▒▒≈
▒▒...XC≈≈≈≈▒▒ ▒▒≈≈
▒...DD≈≈≈≈≈▒ ▒≈≈≈
▒....p≈≈≈≈≈▒ ▒≈≈≈
▒▒...V.≈≈≈≈▒▒▒▒▒▒▒▒≈≈≈
▒.......≈≈≈≈≈≈≈≈≈≈≈≈[
▒▒.........≈≈≈≈≈≈....
▒▒..................
▒▒▒.......▒''▒.....
▒▒▒▒...▒▒..▒▒...▒
▒▒▒▒▒....▒▒▒▒▒
.▒▒▒▒÷.▒▒.▒ ▒


You could see a tentacled monstrosity, a titan, a golden dragon, a storm dragon
(catching breath), a vampire knight (invisible) and a friendly stone giant
(summoned, berserk).


Message History

* * * LOW HITPOINT WARNING * * *
The storm dragon tramples you but does no damage.
The tentacled monstrosity tentacle-slaps your stone giant!
The tentacled monstrosity tentacle-slaps your stone giant but does no damage.
The tentacled monstrosity tentacle-slaps your stone giant.
The tentacled monstrosity grabs your stone giant.
The tentacled monstrosity constricts your stone giant!
The golden dragon bites your stone giant!!
The golden dragon claws your stone giant!
The golden dragon tramples your stone giant.
Your stone giant hits the tentacled monstrosity!!!
The storm dragon breathes lightning at you.
The bolt of lightning hits you!
* * * LOW HITPOINT WARNING * * *
The bolt of lightning misses the vampire knight.
The vampire knight hits you with a +0 long sword!
* * * LOW HITPOINT WARNING * * *
The vampire knight bites you but does no damage.
The tentacled monstrosity tentacle-slaps your stone giant!
The tentacled monstrosity tentacle-slaps your stone giant but does no damage.
The tentacled monstrosity tentacle-slaps your stone giant but does no damage.
The tentacled monstrosity constricts your stone giant!
Your stone giant splashes around in the water.
The storm dragon barely misses you. The storm dragon completely misses you.
The storm dragon tramples you but does no damage.
Your stone giant hits the tentacled monstrosity!!!
The tentacled monstrosity loses its grip on your stone giant.
The vampire knight hits you with a +0 long sword!
You die...

Action                   |  1- 3 |  4- 6 |  7- 9 | 10-12 | 13-15 | 16-18 | 19-21 || total
-------------------------+-------+-------+-------+-------+-------+-------+-------++-------
Melee: Mace              |     9 |    60 |       |       |       |       |       ||    69
       Short sword       |       |     4 |     7 |       |       |       |       ||    11
       Unarmed           |       |     2 |       |     2 |       |       |       ||     4
       Scimitar          |       |       |     3 |    53 |       |       |       ||    56
       Whip              |       |       |     2 |       |       |       |       ||     2
       Pair of quick bla |       |       |       |   276 |  1636 |  1470 |  1259 ||  4641
 Fire: Hunting sling     |    79 |   128 |   420 |   661 |   216 |       |       ||  1504
       Fustibalus        |       |       |       |       |       |   329 |   118 ||   447
Throw: Throwing net      |       |     1 |       |       |       |       |       ||     1
       Dart              |       |       |       |       |     3 |       |       ||     3
Invok: Berserk           |       |     1 |     1 |     4 |     6 |       |       ||    12
       Trog's Hand       |       |       |     1 |       |     1 |     3 |     5 ||    10
       Brothers in Arms  |       |       |       |       |     3 |     3 |     4 ||    10
Evoke: Wand              |       |       |       |       |     6 |       |       ||     6
       Box of beasts     |       |       |       |       |       |       |     1 ||     1
  Use: Scroll            |     2 |     5 |     1 |    16 |     6 |     6 |     1 ||    37
       Potion            |       |     4 |     2 |       |       |       |       ||     6
 Stab: Sleeping          |       |     3 |       |     2 |     2 |     8 |     1 ||    16
       Held in net/web   |       |     1 |       |       |       |       |       ||     1
       Distracted        |       |       |       |     1 |     1 |       |     2 ||     4
  Eat: Ration            |       |     2 |     4 |     6 |     6 |     7 |     4 ||    29
Armor: Leather armour    |     2 |    20 |    12 |       |       |       |       ||    34
       Ring mail         |       |       |     1 |    42 |   132 |   117 |    29 ||   321
       Acid dragon scale |       |       |       |       |       |       |    86 ||    86
Dodge: Dodged            |    23 |   119 |   116 |   265 |  1014 |   919 |   668 ||  3124
       Rpst.: Scimitar   |       |       |     2 |    18 |       |       |       ||    20

Levels and vault maps discovered:
D:1:      minmay_arrival_cross, layout_basic
D:2:      layout_rooms, brannock_xom_greatest_gift, lightli_temple_of_fire,
          first_ration, uniq_crazy_yiuf_cottage
D:3:      minmay_spotlight, layout_loops_ring, uniq_grinder
D:4:      layout_loops_cross, grunt_temple_overflow_growth_and_decay,
          grunt_temple_overflow_holy_war, kennysheep_little_box
D:5:      layout_basic, marbit_many_paths, minmay_temple_entry_gardened_gates,
          ebering_ghost_rock_garden, uniq_ijyb, uniq_pikel
D:6:      layout_basic, grunt_temple_overflow_open,
          minmay_misc_feat_secret_circle
D:7:      layout_basic, serial_shops, shop_fountains, trog_hazing_becter
D:8:      layout_basic, hangedman_little_slice_of_home,
          hangedman_decor_peaks_small, uniq_prince_ribbit1
D:9:      layout_gridville, nemelex_xobeh_ov_fountains_minmay, lair_entry_dummy,
          uniq_erica
D:10:     layout_cave_pools, hangedman_corner_corridor
D:11:     layout_basic
D:12:     layout_loops_corners
D:13:     layout_cave_pools, hangedman_feature_mirror, minivault_26,
          kb_tengu_band
D:14:     layout_basic, hangedman_vaults_entry_quadrant_bands, basic_altar,
          gammafunk_ghost_mausoleum, enter_trove_1, serial_shops, shop,
          grunt_decor_resistance
D:15:     gammafunk_enter_depths_forms, layout_irregular_city,
          serial_bayou_lagoon_a
Lair:1:   layout_cellular_growth, minmay_holes
Lair:2:   layout_loops_ring, nicolae_spider_entry_non_spiders,
          lemuel_fruit_tree, uniq_urug
Lair:3:   layout_gridlike, minmay_shoals_entry_hut, ebering_ghost_xom,
          minmay_lair_oklob_bushes, roderic_carrion_pond
Lair:4:   layout_loops_ring, serial_bayou_shore_a, grunt_megastairs_2
Lair:5:   layout_hall_layers, special_room [special_room_bee],
          zaba_antful_of_joy, lemuel_fruit_fields, minmay_lair_oklob_chamber,
          uniq_snorg, uniq_kirke
Lair:6:   due_jungle_book, layout_gridlike, dpeg_slime_entry_enclosed_altar,
          chequers_serial_rivers_micro_a
Orc:1:    layout_caves, serial_shops, shop, shop_statue,
          biasface_ghost_orc_armoury, special_room [special_room_orc],
          uniq_erolcha, uniq_jorgrun
Orc:2:    st_orc_mages, layout_caves, gauntlet_entry_generic, serial_shops,
          shop, guppyfry_library_mini
Depths:1: layout_cave_pools, serial_sigils, serial_sigils_hangedman_leer,
          serial_sigils_hangedman_quiver, serial_sigils_hangedman_scratch,
          serial_sigils_hangedman_confine, pf_coc_iceberg,
          ebering_ghost_rock_garden, lightli_corner_chamber
Depths:2: evilmike_marble_ring, layout_gridlike, enter_ziggurat_d,
          gammafunk_ghost_mausoleum, grunt_metal_band, grunt_pan_entry_spiral,
          minmay_librarian, uniq_enchantress
Depths:3: hangedman_elemental_death_ray, layout_gridlike, minmay_misc_feat_five,
          abyss_entry_small_statue_room, pan_entry, hell_entry,
          minmay_starry_boxes, uniq_aizul
Depths:4: cross_vault, layout_gridlike, pan_entry, abyss_entry,
          pf_hell_entry_tar_spiral, dk_noncrumbling_4, uniq_frederick,
          uniq_xtahua

Notes
Turn   | Place    | Note
-------+----------+-------------------------------------------
     0 | D:1      | sanka the Halfling Hunter began the quest for the Orb.
     0 | D:1      | Reached XP level 1. HP: 14/14 MP: 1/1
    47 | D:1      | Reached skill level 6 in Slings
    47 | D:1      | Reached XP level 2. HP: 19/19 MP: 2/2
    68 | D:1      | Reached skill level 2 in Fighting
   335 | D:1      | Reached skill level 2 in Stealth
   335 | D:1      | Reached XP level 3. HP: 15/24 MP: 3/3
   724 | D:1      | Reached skill level 3 in Dodging
   856 | D:2      | Reached XP level 4. HP: 27/29 MP: 4/4
  1057 | D:2      | Found a bloodstained altar of Trog.
  1067 | D:2      | Became a worshipper of Trog the Wrathful
  1429 | D:2      | Found a shimmering altar of Xom.
  1871 | D:3      | Noticed an ice beast
  1955 | D:3      | Reached skill level 4 in Dodging
  1955 | D:3      | Reached XP level 5. HP: 27/34 MP: 5/5
  2017 | D:3      | Noticed Grinder
  2029 | D:3      | HP: 2/34 [Grinder/nerve-wracking pain (14)]
  2048 | D:2      | HP: 3/34 [orc (1)]
  2052 | D:2      | Reached * piety under Trog
  2376 | D:3      | Reached skill level 5 in Dodging
  2747 | D:3      | Killed an ice beast
  2747 | D:3      | Reached skill level 7 in Slings
  2747 | D:3      | Reached XP level 6. HP: 39/39 MP: 6/6
  3120 | D:4      | Found a radiant altar of Vehumet.
  3183 | D:4      | Noticed a sky beast
  3217 | D:4      | Killed a sky beast
  3217 | D:4      | Reached skill level 8 in Slings
  3217 | D:4      | Reached skill level 6 in Dodging
  3217 | D:4      | Reached XP level 7. HP: 45/45 MP: 7/7
  3405 | D:4      | Reached ** piety under Trog
  3418 | D:4      | Reached skill level 9 in Slings
  3658 | D:4      | Found a glowing golden altar of the Shining One.
  3660 | D:4      | Noticed an angel
  3696 | D:4      | Found a basalt altar of Yredelemnul.
  3703 | D:4      | Noticed a profane servitor
  3916 | D:4      | Found a blossoming altar of Fedhas.
  3917 | D:4      | Found an ancient bone altar of Kikubaaqudgha.
  3987 | D:5      | Entered Level 5 of the Dungeon
  4140 | D:5      | Noticed a hippogriff
  4157 | D:5      | Killed a hippogriff
  4157 | D:5      | Reached skill level 10 in Slings
  4157 | D:5      | Reached XP level 8. HP: 48/50 MP: 8/8
  4269 | D:5      | Found a staircase to the Ecumenical Temple.
  4294 | D:5      | Reached skill level 11 in Slings
  4588 | D:5      | Noticed Ijyb
  4594 | D:5      | Paralysed by Ijyb for 3 turns
  4612 | D:5      | Killed Ijyb
  4811 | D:5      | Reached skill level 12 in Slings
  4861 | D:5      | Found a runed translucent gate.
  4862 | D:5      | Found a runed translucent gate.
  4863 | D:5      | Found a runed translucent gate.
  4864 | D:5      | Noticed Xenophilius's ghost (novice OpAE)
  4939 | D:5      | Noticed Pikel
  4980 | D:5      | Killed Pikel
  4980 | D:5      | Reached skill level 3 in Fighting
  4980 | D:5      | Reached skill level 7 in Dodging
  4980 | D:5      | Reached XP level 9. HP: 44/58 MP: 9/9
  4981 | D:5      | Reached skill level 4 in Fighting
  5434 | D:5      | Found a glowing silver altar of Zin.
  5746 | D:6      | Found an ornate altar of the Wu Jian Council.
  5765 | D:6      | Found an iron altar of Okawaru.
  5765 | D:6      | Found a shimmering blue altar of Sif Muna.
  5812 | D:6      | Reached skill level 8 in Dodging
  5833 | D:6      | Reached *** piety under Trog
  5859 | D:6      | Found a shadowy altar of Dithmenos.
  5882 | D:6      | Reached skill level 5 in Fighting
  6543 | D:6      | Reached skill level 9 in Dodging
  6706 | D:6      | Reached skill level 6 in Fighting
  7166 | D:7      | Got a jewelled ring mail
  7177 | D:7      | Identified the +3 ring mail of Jeunom {rN+ Regen+ Str+4
                  | Dex+4} (You found it on level 7 of the Dungeon)
  7286 | D:7      | Reached XP level 10. HP: 68/68 MP: 10/10
  7521 | D:7      | Found Xoel's Armour Shop.
  7618 | D:7      | Found the +7 pair of quick blades "Gyre" and "Gimble"
                  | {protect}
  7796 | D:7      | Found a bloodstained altar of Trog.
  7867 | D:7      | Reached **** piety under Trog
  7983 | D:8      | Noticed a two-headed ogre
  7995 | D:8      | Killed a two-headed ogre
  7995 | D:8      | Reached skill level 7 in Fighting
  7995 | D:8      | Reached skill level 10 in Dodging
  8221 | D:8      | Noticed Prince Ribbit
  8251 | D:8      | Killed Prince Ribbit
  8658 | D:8      | Reached skill level 8 in Fighting
  8831 | D:8      | Reached ***** piety under Trog
  9186 | D:9      | Reached skill level 11 in Dodging
  9470 | D:9      | Found a sparkling altar of Nemelex Xobeh.
  9508 | D:9      | Found a staircase to the Lair.
  9579 | D:9      | Reached XP level 11. HP: 78/78 MP: 11/11
  9891 | D:9      | Noticed Erica
  9904 | D:9      | Killed Erica
  9904 | D:9      | Reached skill level 2 in Short Blades
 10366 | D:10     | Entered Level 10 of the Dungeon
 10396 | D:10     | Reached skill level 3 in Short Blades
 10503 | D:10     | Reached skill level 9 in Fighting
 10529 | D:10     | Reached skill level 4 in Short Blades
 11178 | D:10     | Killed an unseen horror
 11178 | D:10     | Reached skill level 12 in Dodging
 11295 | D:10     | Identified a scroll of acquirement
 11297 | D:10     | Acquired a +0 pair of gloves of archery
 11384 | D:11     | Noticed a cyclops
 11406 | D:11     | Reached skill level 5 in Short Blades
 11416 | D:11     | Killed a cyclops
 11718 | D:11     | Noticed a two-headed ogre
 11720 | D:11     | Noticed a two-headed ogre
 11730 | D:11     | Killed a two-headed ogre
 11730 | D:11     | Reached skill level 6 in Short Blades
 11737 | D:11     | Killed a two-headed ogre
 11737 | D:11     | Reached XP level 12. HP: 87/87 MP: 12/12
 11813 | D:11     | Found a staircase to the Orcish Mines.
 11823 | D:11     | Reached skill level 10 in Fighting
 11904 | D:11     | Reached skill level 7 in Short Blades
 12312 | Lair:1   | Entered Level 1 of the Lair of Beasts
 12480 | Lair:1   | Received a gift from Trog
 12824 | Lair:1   | Reached ****** piety under Trog
 13316 | Lair:2   | Noticed Urug
 13324 | Lair:2   | Killed Urug
 13324 | Lair:2   | Reached skill level 13 in Dodging
 13343 | Lair:2   | Noticed a five-headed hydra
 13351 | Lair:2   | Killed a five-headed hydra
 13351 | Lair:2   | Reached skill level 8 in Short Blades
 13494 | Lair:2   | Found a hole to the Spider Nest.
 13905 | Lair:3   | Found a runed translucent door.
 13905 | Lair:3   | Found a shimmering altar of Xom.
 13905 | Lair:3   | Noticed Bathrag's ghost (journeyman DsWn)
 13913 | Lair:3   | Identified the +5 double sword "More" {chaos, rN+ Int+2
                  | Dex+4}
 13913 | Lair:3   | Noticed a +5 double sword "More" {chaos, rN+ Int+2 Dex+4}
 14118 | Lair:3   | Reached skill level 11 in Fighting
 14489 | Lair:3   | Reached XP level 13. HP: 81/95 MP: 13/13
 14548 | Lair:3   | Reached skill level 14 in Dodging
 14854 | Lair:3   | Found a staircase to the Shoals.
 15098 | Lair:3   | Got a pitted spear
 15099 | Lair:3   | Identified the +5 spear of the Inferno {vamp, *Corrode
                  | rPois Str+3} (You found it on level 3 of the Lair of
                  | Beasts)
 15223 | Lair:4   | Got a translucent flail
 15224 | Lair:4   | Identified the +10 flail "Dusireaff" {vorpal, Int+2} (You
                  | found it on level 4 of the Lair of Beasts)
 15449 | Lair:4   | Received a gift from Trog
 15729 | Lair:4   | Reached skill level 12 in Fighting
 16319 | Lair:5   | Reached skill level 15 in Dodging
 16364 | Lair:5   | Noticed an eight-headed hydra
 16392 | Lair:5   | Killed an eight-headed hydra
 16449 | Lair:5   | Noticed Snorg
 16454 | Lair:5   | Reached skill level 13 in Fighting
 16459 | Lair:5   | Noticed Kirke
 16463 | Lair:5   | Killed Snorg
 16478 | Lair:5   | Killed Kirke
 16575 | Lair:5   | Reached XP level 14. HP: 76/106 MP: 14/14
 16817 | Lair:5   | Reached skill level 14 in Fighting
 17131 | Lair:5   | Noticed an entropy weaver
 17303 | Lair:5   | Noticed an entropy weaver
 17313 | Lair:5   | Killed an entropy weaver
 17323 | Lair:5   | Killed an entropy weaver
 17430 | Lair:5   | Reached skill level 15 in Fighting
 17486 | Lair:5   | Received a gift from Trog
 18201 | Lair:6   | Entered Level 6 of the Lair of Beasts
 18611 | Lair:6   | Got a pair of heavily runed gloves
 18622 | Lair:6   | Identified the +3 pair of gloves of Weirdness {Int+4 Dex+4
                  | SInv} (You found it on level 6 of the Lair of Beasts)
 18705 | Lair:6   | Reached XP level 15. HP: 82/116 MP: 15/15
 18945 | Lair:6   | Found a viscous altar of Jiyva.
 18946 | Lair:6   | Found a staircase to the Slime Pits.
 19456 | Lair:6   | Reached skill level 16 in Dodging
 19884 | Lair:6   | Found a viscous altar of Jiyva.
 19884 | Lair:6   | Found a staircase to the Slime Pits.
 20696 | Orc:1    | Entered Level 1 of the Orcish Mines
 20703 | Orc:1    | Reached skill level 16 in Fighting
 20747 | Orc:1    | Received a gift from Trog
 20756 | Orc:1    | Noticed Jorgrun
 20777 | Orc:1    | Killed Jorgrun
 20811 | Orc:1    | Found Giduecie's Jewellery Shop.
 21151 | Orc:1    | Found Calaas Vomp's Gadget Boutique.
 21166 | Orc:1    | Noticed Erolcha
 21181 | Orc:1    | Killed Erolcha
 21464 | Orc:1    | Identified the +8 battleaxe of the Seas {elec, +Fly Str+3
                  | Int+2}
 21466 | Orc:1    | Found a runed translucent gate.
 21467 | Orc:1    | Found a runed translucent gate.
 21468 | Orc:1    | Found a runed translucent gate.
 21471 | Orc:1    | Noticed drasked's ghost (journeyman DECj)
 21480 | Orc:1    | Found a roughly hewn altar of Beogh.
 21535 | Orc:2    | Entered Level 2 of the Orcish Mines
 21566 | Orc:2    | Found a gate leading to a gauntlet.
 21603 | Gauntlet | Entered a Gauntlet
 21603 | Gauntlet | Found a transporter.
 21606 | Gauntlet | Found a transporter.
 21618 | Gauntlet | Found a transporter.
 21623 | Gauntlet | Found a transporter.
 21640 | Gauntlet | Found a transporter.
 21653 | Gauntlet | Found a transporter.
 21666 | Gauntlet | Found a transporter.
 21686 | Gauntlet | Found a transporter.
 21690 | Gauntlet | Found a transporter.
 21698 | Gauntlet | Found a transporter.
 21721 | Gauntlet | Found a transporter.
 21725 | Gauntlet | Found a transporter.
 21886 | Gauntlet | Received a gift from Trog
 21999 | Gauntlet | Got a scorched helmet
 22010 | Gauntlet | Identified the cursed +0 helmet of Green Surprise {*Slow
                  | rF+ Regen+} (You found it in a Gauntlet)
 22057 | Gauntlet | Got a wavering steel amulet
 22063 | Gauntlet | Identified the amulet of Tiakh {Faith rF+ Int+6} (You found
                  | it in a Gauntlet)
 22086 | Gauntlet | Identified +0 shadow dragon scales
 22097 | Gauntlet | Reached skill level 17 in Dodging
 22144 | Gauntlet | Got a steaming cloak
 22150 | Gauntlet | Identified the +0 cloak of Ussamang {Slay+3 SInv Stlth-}
                  | (You found it in a Gauntlet)
 22152 | Gauntlet | Got a pitted brass ring
 22154 | Gauntlet | Identified the ring "Epsinny" {+Inv rPois Str+3 Dex+6 SInv}
                  | (You found it in a Gauntlet)
 22169 | Gauntlet | Identified +0 shadow dragon scales (You found it in a
                  | Gauntlet)
 22452 | Orc:2    | Found Leogaes's Gadget Shop.
 22480 | Orc:2    | Noticed a stone giant
 22482 | Orc:2    | Found a staircase to the Elven Halls.
 22593 | Orc:2    | Killed a stone giant
 22690 | Orc:2    | Noticed a stone giant
 22710 | Orc:2    | Killed a stone giant
 22919 | Orc:2    | Received a gift from Trog
 23001 | Orc:2    | Reached XP level 16. HP: 109/125 MP: 16/16
 23102 | Orc:2    | Found Ylyc's Armour Shoppe.
 23102 | Orc:2    | Found Ugissoel's Distillery.
 23105 | Orc:2    | Found Utyudaic's Assorted Antiques.
 23108 | Orc:2    | Found Joijoiqo's Distillery.
 23569 | Orc:1    | Bought a +4 ring of evasion for 540 gold pieces
 23622 | Orc:2    | Bought a box of beasts for 580 gold pieces
 23622 | Orc:2    | Bought a scroll of fear for 101 gold pieces
 23622 | Orc:2    | Bought a scroll of blinking for 217 gold pieces
 23623 | Orc:2    | Bought a potion of heal wounds for 70 gold pieces
 23623 | Orc:2    | Bought a potion of heal wounds for 70 gold pieces
 23623 | Orc:2    | Bought a potion of haste for 140 gold pieces
 23907 | D:3      | Killed Grinder
 24035 | D:5      | Killed Xenophilius's ghost
 24035 | D:5      | Reached skill level 1 in Evocations
 24315 | Lair:3   | Killed Bathrag's ghost
 24315 | Lair:3   | Reached skill level 2 in Evocations
 24324 | Lair:3   | Got a bloodstained fustibalus
 24325 | Lair:3   | Identified the +3 fustibalus "Edulyxkaliph" {speed, rN+}
                  | (You found it on level 3 of the Lair of Beasts)
 24651 | Orc:1    | Reached skill level 3 in Evocations
 24681 | Orc:1    | Received a gift from Trog
 24701 | Orc:1    | Killed drasked's ghost
 25078 | D:12     | Reached skill level 4 in Evocations
 25370 | D:15     | Entered Level 15 of the Dungeon
 25417 | D:15     | Reached skill level 13 in Slings
 25514 | D:15     | Reached skill level 5 in Evocations
 25879 | D:15     | Received a gift from Trog
 25879 | D:15     | Reached skill level 6 in Evocations
 25923 | D:15     | Reached skill level 14 in Slings
 25965 | D:15     | Found a staircase to the Depths.
 26334 | D:14     | Reached skill level 7 in Evocations
 26344 | D:14     | Found a radiant altar of Vehumet.
 26445 | D:14     | Noticed Tacs's ghost (journeyman SpEn)
 26448 | D:14     | Found a transporter.
 26459 | D:14     | Found a transporter.
 26504 | D:14     | Got a crude plate armour
 26515 | D:14     | Identified the +8 plate armour of the Ward {+Fly rPois
                  | Stlth+} (You found it on level 14 of the Dungeon)
 26555 | D:14     | Found Diupri Bonick's Food Shoppe.
 26577 | D:14     | Reached skill level 1 in Armour
 26635 | D:14     | Found a portal to a secret trove of treasure.
 26716 | D:14     | Reached skill level 2 in Armour
 26736 | D:14     | Reached skill level 8 in Evocations
 26859 | D:14     | Reached skill level 3 in Armour
 27008 | D:14     | Found a gate to the Vaults.
 27017 | D:14     | Reached XP level 17. HP: 131/131 MP: 17/17
 27041 | D:14     | Received a gift from Trog
 27041 | D:14     | Reached skill level 4 in Armour
 27264 | D:14     | Killed Tacs's ghost
 27293 | D:14     | Reached skill level 5 in Armour
 27293 | D:14     | Reached skill level 9 in Evocations
 27311 | D:14     | Got a pair of ichor-stained gloves
 27322 | D:14     | Identified the +0 pair of gloves of Kajovamp {+Inv rElec
                  | Str+4 Int+7} (You found it on level 14 of the Dungeon)
 27378 | D:13     | Found a shimmering altar of Xom.
 27499 | D:13     | Identified +0 pearl dragon scales (You found it on level 13
                  | of the Dungeon)
 27595 | D:13     | Found an opulent altar of Gozag.
 27808 | D:13     | Reached skill level 6 in Armour
 28451 | Depths:1 | Entered Level 1 of the Depths
 28574 | Depths:1 | Reached skill level 7 in Armour
 28574 | Depths:1 | Reached skill level 10 in Evocations
 28639 | Depths:1 | Received a gift from Trog
 28656 | Depths:1 | Reached skill level 8 in Armour
 28843 | Depths:1 | Reached skill level 9 in Armour
 29007 | Depths:1 | Reached skill level 10 in Armour
 29279 | Depths:1 | Reached XP level 18. HP: 137/137 MP: 18/18
 29333 | Depths:1 | Reached skill level 17 in Fighting
 29417 | Depths:1 | Found a gateway to Hell.
 29534 | Depths:1 | Received a gift from Trog
 29568 | Depths:1 | Identified +0 ice dragon scales
 29727 | Depths:1 | Reached skill level 18 in Dodging
 29961 | Depths:1 | Found a runed translucent gate.
 29961 | Depths:1 | Found a runed translucent gate.
 29961 | Depths:1 | Found a runed translucent gate.
 29962 | Depths:1 | Noticed Zebulonius's ghost (adept MiBe)
 30288 | Depths:2 | Noticed a golden dragon
 30720 | Depths:2 | Killed a golden dragon
 30720 | Depths:2 | Identified +0 gold dragon scales
 30730 | Depths:2 | Received a gift from Trog
 30807 | Depths:2 | Got a shimmering quick blade {god gift}
 30808 | Depths:2 | Identified the +9 quick blade "Rusmeutarch" {vorpal, Dex+3}
                  | (Trog gifted it to you on level 2 of the Depths)
 31021 | Depths:2 | Reached skill level 19 in Dodging
 31038 | Depths:2 | Reached skill level 18 in Fighting
 31464 | Depths:2 | Reached XP level 19. HP: 144/146 MP: 19/19
 31592 | Depths:2 | Found a one-way gate leading to the halls of Pandemonium.
 31717 | Depths:2 | Found a transporter.
 31718 | Depths:2 | Noticed Samiqic's ghost (adept DDFi)
 31721 | Depths:2 | Noticed an ancient lich
 31747 | Depths:2 | Found a transporter.
 31961 | Depths:2 | Received a gift from Trog
 32174 | Depths:2 | Noticed the Enchantress
 32226 | Depths:2 | Killed the Enchantress
 33056 | Depths:2 | Found a gateway to a ziggurat.
 33069 | Depths:2 | Reached skill level 20 in Dodging
 33312 | Depths:3 | Identified +0 fire dragon scales
 33537 | Depths:3 | Identified +0 fire dragon scales
 33569 | Depths:3 | Reached skill level 19 in Fighting
 34015 | Depths:3 | Reached XP level 20. HP: 114/156 MP: 20/20
 34319 | Depths:3 | Found a one-way gate to the infinite horrors of the Abyss.
 34478 | Depths:3 | Received a gift from Trog
 34595 | Depths:3 | Noticed Aizul
 34616 | Depths:3 | Killed Aizul
 34930 | Depths:3 | Identified +0 fire dragon scales
 35307 | Depths:3 | Identified +0 ice dragon scales
 35307 | Depths:3 | Reached skill level 21 in Dodging
 35546 | Depths:4 | Received a gift from Trog
 35764 | Depths:4 | Got a warped ivory ring
 35766 | Depths:4 | Identified the ring of Temperance {Fire rN++ MR- Str+4}
                  | (You found it on level 4 of the Depths)
 35858 | Depths:4 | Noticed a tentacled monstrosity
 35891 | Depths:4 | Killed a tentacled monstrosity
 36143 | Depths:4 | Noticed Xtahua
 36176 | Depths:4 | Killed Xtahua
 36537 | Depths:4 | Reached skill level 20 in Fighting
 36572 | Depths:4 | Noticed Frederick
 36596 | Depths:4 | Killed Frederick
 36596 | Depths:4 | Reached XP level 21. HP: 69/164 MP: 21/21
 36981 | Depths:4 | Noticed a golden dragon
 37013 | Depths:4 | Paralysed by a vampire knight for 6 turns
 37016 | Depths:4 | HP: 14/173 [vampire knight/+0 long sword (14)]
 37017 | Depths:4 | Slain by a vampire knight

Vanquished Creatures
  Frederick (Depths:4)
  Xtahua (Depths:4)
  the Enchantress (Depths:2)
  A golden dragon (Depths:2)
  2 liches
  A tentacled monstrosity (Depths:4)
  Jorgrun (Orc:1)
  A titan (Depths:3)
  A shadow dragon (Depths:2)
  Kirke (Lair:5)
  A sphinx (Depths:2)
  4 fire giants
  4 frost giants
  Aizul (Depths:3)
  A draconian annihilator (Depths:2)
  4 spriggan defenders
  13 stone giants
  A juggernaut skeleton (Depths:1)
  16 very ugly things
  2 entropy weavers (Lair:5)
  A vampire knight (D:14)
  The ghost of Tacs the Spry, a journeyman SpEn of Dithmenos (D:14)
  6 dire elephants (Lair:6)
  The ghost of drasked the Ruinous, a journeyman DECj of Vehumet (Orc:1)
  A minotaur (Gauntlet)
  4 spark wasps
  2 merfolk javelineers
  A blizzard demon (Depths:2)
  9 fire dragons
  4 ettins
  2 jiangshi (Depths:3)
  A deep elf high priest (Depths:2)
  Erolcha (Orc:1)
  4 hydras
  A spectral tengu (D:14)
  A great orb of eyes (Depths:2)
  A monstrous demonspawn (Depths:2)
  3 spriggan air magi
  3 rakshasas
  Erica (D:9)
  5 ice dragons
  An anaconda (shapeshifter) (Depths:2)
  An anaconda (Lair:6)
  A death knight (D:14)
  10 centaur warriors
  5 ogre magi
  10 deep troll earth magi
  8 deep troll shamans
  9 tengu warriors
  A dancing weapon (Lair:3)
  A queen ant (Lair:5)
  22 two-headed ogres
  2 vampire magi (Depths:3)
  4 death yaks (Lair:4)
  7 spriggan berserkers
  Urug (Lair:2)
  A deep elf knight (D:14)
  3 orc high priests
  7 hell knights (Depths:2)
  A wretched star (Gauntlet)
  3 iron trolls
  A skeletal warrior (D:14)
  A spark wasp zombie (Depths:2)
  23 deep trolls
  3 glowing orange brains
  A shadow wraith (D:14)
  An unseen horror (D:10)
  A flayed ghost (Depths:2)
  A wizard (Depths:2)
  Pikel (D:5)
  11 orc knights
  A lindwurm (Lair:5)
  4 necromancers
  A shadow dragon zombie (Depths:2)
  4 orc sorcerers (Orc:2)
  6 manticores
  A harpy (shapeshifter) (Depths:2)
  6 cyclopes
  5 oklob plants
  5 deep elf magi
  32 ugly things
  8 slime creatures
  A frost giant skeleton (Depths:2)
  The ghost of Xenophilius the Sneak, a novice OpAE of Okawaru (D:5)
  An orange demon (Depths:2)
  19 elephants
  A moth of wrath (shapeshifter) (D:14)
  A gargoyle (D:10)
  A black mamba (Lair:6)
  A smoke demon (Depths:2)
  10 cane toads
  A rime drake (shapeshifter) (Depths:4)
  5 rime drakes
  4 efreet
  13 yaktaurs
  6 komodo dragons
  A freezing wraith (D:14)
  7 tengu conjurers
  A komodo dragon (shapeshifter) (D:15)
  A meliai (shapeshifter) (D:15)
  9 trolls
  A queen bee (Lair:5)
  2 polar bears (Lair:6)
  A queen bee (shapeshifter) (D:15)
  A tyrant leech (shapeshifter) (Depths:2)
  A wolf spider simulacrum (D:15)
  3 meliai
  6 hornets
  7 blink frogs
  Prince Ribbit (D:8)
  7 dream sheep (Lair:6)
  A polar bear (shapeshifter) (D:15)
  A snapping turtle (Lair:3)
  Grinder (D:3)
  A fire giant simulacrum (Depths:1)
  11 hippogriffs
  A meliai zombie (D:15)
  A fire dragon zombie (D:14)
  A stone giant simulacrum (Depths:1)
  A dream sheep (shapeshifter) (D:13)
  2 ettin skeletons (Depths:2)
  6 spriggans
  2 shadows (D:15)
  A yak (shapeshifter) (D:15)
  A vampire (D:13)
  10 water elementals
  A ynoxinul (Depths:2)
  41 yaks
  A fire elemental (Gauntlet)
  A hog (Lair:5)
  2 wraiths
  4 wyverns
  A golden eye (shapeshifter) (Depths:1)
  A yaktaur simulacrum (D:14)
  2 basilisks
  A warg (shapeshifter) (D:15)
  4 vampire mosquitoes (D:14)
  3 wargs
  17 soldier ants (Lair:5)
  2 acid dragons
  7 porcupines
  3 hell hounds (Gauntlet)
  9 water moccasins
  4 ice beasts
  9 sky beasts
  36 orc warriors
  3 ettin simulacra (Depths:3)
  5 necrophages
  A fire dragon simulacrum (Depths:1)
  2 phantoms (D:13)
  18 ogres
  A boggart (Depths:3)
  3 wolves (Lair:6)
  26 centaurs
  3 lemures (D:5)
  16 crocodiles
  3 big kobolds
  16 bullfrogs
  2 gnoll sergeants
  2 wyvern skeletons (D:14)
  A small abomination (Gauntlet)
  10 scorpions
  27 killer bees
  10 wights
  2 electric eels (D:11)
  6 howler monkeys
  A crimson imp (Depths:2)
  5 bullfrog zombies
  2 centaur zombies
  6 hounds
  2 quasits (Depths:2)
  46 orc wizards
  7 centaur skeletons
  5 jellies
  24 orc priests
  4 bullfrog skeletons
  3 iron imps (Depths:2)
  Ijyb (D:5)
  6 iguanas
  26 worker ants
  2 hound zombies
  2 hound skeletons
  3 worker ant zombies
  12 gnolls
  A howler monkey skeleton (D:4)
  8 adders
  A shadow imp (D:7)
  4 white imps
  An ufetubus (D:6)
  7 oozes
  3 adder skeletons
  An adder zombie (D:5)
  7 worms
  2 dart slugs
  9 leopard geckos
  101 orcs
  9 bats
  8 giant cockroaches
  11 goblins
  4 hobgoblins
  13 jackals
  4 quokkas
  A ball python (D:3)
  4 frilled lizards
  2 jackal skeletons
  19 kobolds
  A leopard gecko skeleton (D:5)
  11 rats
  A bush (Lair:3)
  2 plants
1179 creatures vanquished.

Vanquished Creatures (collateral kills)
  Snorg (Lair:5)
  The ghost of Bathrag the Reanimator, a journeyman DsWn of Ashenzari (Lair:3)
  A spriggan air mage (Depths:2)
  A spectral deep troll (D:14)
  A cane toad (Lair:5)
  A freezing wraith (D:14)
  A hog (Lair:5)
  A neqoxec (Depths:2)
  A soldier ant (Lair:5)
  An orc warrior (Orc:1)
  A crimson imp (Depths:2)
  3 worker ants (Lair:5)
  An orc (Orc:1)
15 creatures vanquished.

Vanquished Creatures (others)
  A wizard (Depths:3)
  5 humans (Lair:5)
  2 boggarts (Depths:3)
  7 fungi
  48 plants
63 creatures vanquished.

Grand Total: 1257 creatures vanquished
